 Dungeon Crawl Stone Soup version 0.32-a0-893-gf85d74f360 (webtiles) character file.

Game seed: 2843604485235106400

256 Biggs the Slasher (level 6, -2/44 HPs)
             Began as a Coglin Gladiator on Apr 3, 2024.
             Slain by Eustachio
             ... wielding a +3 rapier of speed
              (4 damage)
             ... on level 4 of the Dungeon.
             The game lasted 00:03:05 (1978 turns).

Biggs the Slasher (Coglin Gladiator)                Turns: 1978, Time: 00:03:06

Health: -2/44      AC:  4    Str: 14    XL:     6   Next: 15%
Magic:  6/6        EV: 11    Int:  7    God:
Gold:   183        SH:  0    Dex: 18    Spells: 5/5 levels left

rFire   . . .        a - +0 long sword {Dejan}
rCold   . . .        f - +0 dagger {Charoen}
rNeg    . . .        b - +0 leather armour
rPois   .            c - +0 helmet
rElec   .            (no cloak)
rCorr   .            (no gloves)
SInv    .            (no boots)
Will    .....        (amulet unavailable)
Stlth   +            (ring unavailable)
HPRegen 0.27/turn    (ring unavailable)
MPRegen 0.10/turn    (no gizmo)

%: no passive effects
@: revved
A: off-hand wielding, slow wielding, warmup strikes, no jewellery
a: Invent Gizmo


You were on level 4 of the Dungeon.
You visited 1 branch of the dungeon, and saw 4 of its levels.

You collected 183 gold pieces.

Inventory:

Hand Weapons
 a - a +0 long sword (weapon) {Dejan}
 f - a +0 dagger (offhand) {Charoen}
Missiles
 d - 3 throwing nets (quivered)
 e - a javelin
Armour
 b - a +0 leather armour (worn)
 c - a +0 helmet (worn)
Scrolls
 g - a scroll of torment {unknown}
 i - 4 scrolls of identify {unknown}
 k - a scroll of summoning {unknown}
 n - a scroll of fog {unknown}
 o - 3 scrolls of teleportation {unknown}
 p - 3 scrolls of enchant armour {unknown}
 r - 2 scrolls of poison {unknown}
 s - a scroll of blinking {unknown}
Potions
 h - 2 potions of ambrosia {unknown}
 j - a potion of magic {unknown}
 l - a potion of resistance {unknown}
 m - a potion of attraction {unknown}
 q - 2 potions of mutation {unknown}
 t - a potion of curing {unknown}
 u - a potion of heal wounds {unknown}


   Skills:
 - Level 2.0 Fighting
 + Level 6.7 Long Blades
 - Level 1.7 Throwing
 - Level 2.6 Dodging


You had 5 spell levels left.
You didn't know any spells.
Your spell library contained the following spells:

 Spells                   Type           Power      Damage    Failure   Level
 Slow                     Hex            0%         N/A       52%         1
 Confusing Touch          Hex            0%         N/A       87%         3
 Sigil of Binding         Hex            0%         N/A       87%         3
 Vampiric Draining        Necr           0%         2d6       87%         3
 Death Channel            Necr           0%         N/A       100%        6
 Sculpt Simulacrum        Ice/Alch       0%         N/A       100%        6


Dungeon Overview and Level Annotations

Branches:
Dungeon (4/15)
 Temple: D:4-7

Altars:
Fedhas

Shops:
D:4 =

Annotations:
D:4 Eustachio


Innate Abilities, Weirdness & Mutations

You can wield a second weapon in your off-hand.
It takes a long time for you to wield or remove held weapons.
Your first few attacks do less damage.
You cannot equip rings or amulets.


Message History

Eustachio hits you with a +3 rapier of speed.
You barely miss Eustachio with your +0 dagger.
Eustachio is moderately wounded.
You closely miss Eustachio with your +0 long sword.
Eustachio utters an oath, "I will die for my friends!"
Eustachio hits you with a +3 rapier of speed.
The iron imp hits you but does no damage.
You hit Eustachio with your +0 long sword.
Eustachio is moderately wounded.
You closely miss Eustachio with your +0 dagger.
Eustachio calls on the powers of shadow!
Eustachio hits you with a +3 rapier of speed. x2
You barely miss Eustachio with your +0 dagger.
Eustachio is moderately wounded.
You slash Eustachio with your +0 long sword!
The iron imp hits you but does no damage.
Eustachio hits you with a +3 rapier of speed.
You barely miss Eustachio with your +0 dagger.
Eustachio is heavily wounded.
You hit Eustachio with your +0 long sword.
Eustachio closely misses you.
The iron imp hits you but does no damage.
You barely miss Eustachio with your +0 long sword.
Eustachio is severely wounded.
You hit Eustachio but do no damage.
Eustachio hits you with a +3 rapier of speed!
Eustachio misses you. The iron imp hits you!
* * * LOW HITPOINT WARNING * * *
You closely miss Eustachio with your +0 long sword.
Eustachio is severely wounded.
You closely miss Eustachio with your +0 dagger.
Eustachio hits you with a +3 rapier of speed!
* * * LOW HITPOINT WARNING * * *
Unknown command.
You hit Eustachio but do no damage.
Eustachio is severely wounded.
You hit Eustachio with your +0 long sword.
Eustachio hits you with a +3 rapier of speed.
You die...
Eustachio twirls his moustache.

.......r...(....)......#
..........##...###.########
...ß#####.####.###.###....#
.... #..###...#..##....#
.>.. ##................# ..
#######.####.....# #.#
#.....# #.####.....#
#@#.<......+ ##@5....†...#
............#.###
########....#...+
#....#..## #....†..#
####.....+ ##....# #....#


You could see Eustachio and an iron imp (summoned).

Vanquished Creatures
  A phantom (D:4)
  An iguana (D:4)
  Terence (D:3)
  Natasha (D:3)
  4 adders
  2 dart slugs (D:1)
  2 ribbon worms (D:2)
  An orc (D:4)
  4 endoplasms (D:1)
  A giant cockroach (D:1)
  6 goblins
  5 hobgoblins
  4 jackals (D:2)
  6 kobolds
  2 quokkas
  6 ball pythons
  4 bats
  2 frilled lizards (D:1)
  3 rats
56 creatures vanquished.

Notes
Turn   | Place    | Note
-------+----------+-------------------------------------------
     0 | D:1      | Biggs the Coglin Gladiator began the quest for the Orb.
     0 | D:1      | Reached XP level 1. HP: 16/16 MP: 1/1
    84 | D:1      | Reached XP level 2. HP: 22/22 MP: 2/2
   274 | D:1      | Reached skill level 4 in Long Blades
   327 | D:1      | Reached XP level 3. HP: 24/27 MP: 3/3
   828 | D:2      | Found a blossoming altar of Fedhas.
  1213 | D:2      | Reached XP level 4. HP: 30/33 MP: 4/4
  1352 | D:3      | Noticed Terence
  1354 | D:3      | Reached skill level 5 in Long Blades
  1366 | D:3      | Killed Terence
  1432 | D:3      | Noticed Natasha
  1439 | D:3      | Killed Natasha
  1440 | D:3      | Reached XP level 5. HP: 29/38 MP: 5/5
  1825 | D:4      | Reached skill level 6 in Long Blades
  1874 | D:4      | Noticed a phantom
  1875 | D:4      | Noticed Eustachio
  1876 | D:4      | Found Orphuomo's Jewellery Boutique.
  1896 | D:4      | Killed a phantom
  1897 | D:4      | Reached XP level 6. HP: 29/44 MP: 6/6
  1977 | D:4      | HP: 2/44 [Eustachio/+3 rapier of speed (8)]
  1978 | D:4      | Slain by Eustachio

Illustrated notes

Levels and vault maps discovered:
D:1:      hellmonk_arrival_library, layout_basic
D:2:      layout_rooms, basic_altar, minmay_misc_feat_rows
D:3:      layout_rooms, serial_park_tiny_pond, uniq_natasha, uniq_terence
D:4:      cheibrodos_greedy_goblins, layout_rooms, mainiacjoe_overflow_24_doors,
          grunt_qazlal_clouds, serial_shops, nicolae_stop_n_shop_1,
          uniq_eustachio

Skill      XL: |  1  2  3  4  5 |
---------------+----------------+-----
Long Blades    | 4 5 6 |  6.7
Fighting       | |  2.0
Throwing       | |  1.7
Dodging        | |  2.6

Action                     |  1- 3 |  4- 6 || total
---------------------------+-------+-------++-------
  Melee: Dagger            |    80 |    65 ||   145
         Long sword        |    81 |    70 ||   151
   Stab: Sleeping          |     1 |       ||     1
 Armour: Leather armour    |    36 |    44 ||    80
  Dodge: Dodged            |    48 |    47 ||    95

Table legend: (Time is in decaauts)
 A = Elapsed time spent in this place.
 B = Non-inter-level travel time spent in this place.
 C = Inter-level travel time spent in this place.
 D = Time resting spent in this place.
 E = Time spent auto-exploring this place.
 F = Levels seen in this place.
 G = Mean time per level.
                   A        B        C        D        E       F      G
               +--------+--------+--------+--------+--------+-----+--------+
         Total |   1980 |   1919 |     61 |     54 |   1485 |   4 |  495.0 |
       Dungeon |   1980 |   1919 |     61 |     54 |   1485 |   4 |  495.0 |
               +--------+--------+--------+--------+--------+-----+--------+

Top non-repeatable levels by time:
     D:1: 792 daAuts
     D:3: 579 daAuts
     D:2: 487 daAuts
     D:4: 120 daAuts
